[Event "Fall GM-A Norm Invitational 2022"]
[Site "Charlotte"]
[Date "2022.11.20"]
[Round "6"]
[White "Tiglon, Bryce"]
[Black "Cordova, Emilio"]
[Result "1/2-1/2"]
[ECO "B41"]
[WhiteElo "2475"]
[BlackElo "2561"]
[Annotator "TA"]
[PlyCount "30"]
[EventDate "2022.11.18"]
[EventType "tourn"]
[EventCountry "USA"]
[SourceTitle "playchess.com"]
[Source "ChessBase"]
[SourceQuality "1"]
[TimeControl "5400+30"]

1. e4 c5 2. Nf3 e6 3. d4 cxd4 4. Nxd4 a6 5. c4 Nf6 6. Nc3 Qc7 7. Be2 b6 8. Be3 Bb7 {[%emt 0:00:23] B41: Sicilian: Kan Variation: 5 c4.} 9. f3 d6 10. Qd2 {[%emt 0:00:50] [#] White is more active.} h5 $146 {[%emt 0:01:11] White is better.} ({Predecessor:} 10... Nbd7 11. O-O Be7 12. a4 O-O 13. a5 bxa5 14. Nb3 Rab8 15. Nxa5 Ba8 16. Rfc1 Ne5 17. Na4 Nc6 18. Nxc6 Bxc6 19. b4 Nd7 20. c5 dxc5 21. Nxc5 Nxc5 22. Bxc5 {½-½ (39) Brkic,A (2600)-Jovanovic,D (2418) Austria 2019}) 11. O-O-O Nbd7 12. Kb1 Rc8 13. Rc1 Be7 14. Nb3 Qb8 15. Qe1 (15. Rhd1 $14) 15... Kf8 {[%emt 0:01:14] Weighted Error Value: White=0.22 (precise) /Black=0.12 (very precise)} (15... O-O $11) 1/2-1/2

[Event "Fall GM-A Norm Invitational 2022"]
[Site "Charlotte"]
[Date "2022.11.20"]
[Round "6"]
[White "Mardov, Dimitar"]
[Black "Stremavicius, Titas"]
[Result "1/2-1/2"]
[ECO "B62"]
[WhiteElo "2432"]
[BlackElo "2527"]
[Annotator "TA"]
[PlyCount "97"]
[EventDate "2022.11.18"]
[EventType "tourn"]
[EventCountry "USA"]
[SourceTitle "playchess.com"]
[Source "ChessBase"]
[SourceQuality "1"]
[TimeControl "5400+30"]

1. e4 c5 2. Nf3 Nc6 3. d4 cxd4 4. Nxd4 Nf6 5. Nc3 d6 6. Bg5 e6 7. Bb5 Bd7 8. Qd3 $1 {[%emt 0:00:11][%mdl 4] is more profitable than 8.Bxc6 at the moment. B62: Sicilian: Richter-Rauzer: 6...e6: Unusual White 7th moves.} Be7 9. O-O-O O-O 10. Bxc6 {[%emt 0:00:54] White has an edge.} (10. f4 {looks sharper.} Nxd4 11. Bxd7 h6 12. h4) 10... bxc6 11. Nb3 e5 12. Bxf6 gxf6 13. f4 {[%emt 0:00:22] [#]} Kh8 $146 ({Predecessor:} 13... a5 14. f5 Kh8 15. Qe3 a4 16. Nd2 a3 17. b3 Bc8 18. Qh6 Rg8 19. Rhe1 d5 {0-1 (31) Tanenbaum,Z (2137)-Korchmar,V (2441) Chess.com INT 2020}) 14. f5 Bc8 15. g4 a5 16. a4 Rg8 17. Qf3 Rb8 18. h4 Qb6 (18... Ba6 $11) 19. g5 $1 $14 Ba6 ({Of course not} 19... fxg5 20. hxg5 Rxg5 21. Kb1 (21. Qh3 Rg7 $11)) 20. gxf6 Bf8 21. Rh2 $1 Bc4 22. Rg2 {[%emt 0:03:54] Against d5} Rxg2 23. Qxg2 Bh6+ 24. Kb1 Rg8 25. Qf3 {[%emt 0:04:08] White is more active.} Rg1 $2 (25... Bxb3 $16 26. cxb3 Be3) 26. Rxg1 $18 Qxg1+ 27. Qd1 Qxd1+ 28. Nxd1 Bxb3 29. cxb3 {[%emt 0:00:05][%cal Ob3b4][%mdl 4096] Endgame b4! is the strong threat. KB-KN} Bd2 {[%emt 0:00:05] Prevents b4.} 30. Kc2 Be1 31. h5 Kg8 32. Ne3 {[%emt 0:01:02] And now Kd3 would win.} Kf8 33. Kd3 $1 {[%emt 0:01:46] Black must now prevent Nc2.} Bb4 $2 (33... Ke8 34. Ng4 Kf8) 34. Nc2 $1 {[%emt 0:01:47] White threatens Nxb4 and mate.} Bc5 35. Kc4 $2 (35. b4 $1 $18 {[%cal Rb4c5] and the rest is easy.} axb4 36. a5) 35... Ke8 $16 36. Ne1 {[%emt 0:07:41] Hoping for Nd3.} Bd4 $2 {[%emt 0:05:15] [#]} (36... Bb4 $16 37. Nf3 Kf8) 37. Nd3 $2 (37. b4 $1 $18 ) 37... Kd7 $11 38. b4 axb4 39. b3 Bc3 40. Nf2 Bd2 $1 41. Ng4 (41. Kd3 $5 Bg5 42. Kc4 $16) 41... Kc7 {[%emt 0:06:48] [#]} 42. Nh2 $1 Kb6 43. Nf3 Bf4 44. Ne1 {[%emt 0:03:07][%cal Oe1c2] The position is equal.} Ka5 45. Nd3 Bd2 46. Nf2 Bg5 47. Nd3 Bd2 48. Nf2 Bg5 49. Nd3 {[%emt 0:00:21] White really could win this.   Weighted Error Value: White=0.30/Black=0.17 (very precise)} 1/2-1/2

[Event "Fall GM-A Norm Invitational 2022"]
[Site "Charlotte"]
[Date "2022.11.20"]
[Round "6"]
[White "Kaliksteyn, Alexander"]
[Black "Fus, Jakub"]
[Result "1/2-1/2"]
[ECO "A46"]
[WhiteElo "2389"]
[BlackElo "2427"]
[Annotator "TA"]
[PlyCount "34"]
[EventDate "2022.11.18"]
[EventType "tourn"]
[EventCountry "USA"]
[SourceTitle "playchess.com"]
[Source "ChessBase"]
[SourceQuality "1"]
[TimeControl "5400+30"]

1. d4 Nf6 2. Nf3 e6 3. Bf4 c5 4. e3 Qb6 5. Nc3 a6 6. a3 {[%emt 0:05:02] A46: 1 d4 Nf6 2 Nf3 e6: Torre, London and Colle Systems.} cxd4 7. exd4 d5 8. Bd3 {[%emt 0:00:53] The position is equal.} Nc6 9. Rb1 Bd7 10. Ne2 {[%emt 0:00:24] [#]} Be7 $146 ({Predecessor:} 10... Nh5 11. Be3 Qc7 12. c3 Bd6 13. Ng3 Nf6 14. Qe2 h6 15. Nd2 O-O 16. O-O e5 17. dxe5 Nxe5 {½-½ (55) Dao,M (1956)-Stoyanov,T (2340) Porto Carras 2018}) 11. O-O Rc8 12. c3 {[%emt 0:00:58] White is slightly better.} O-O 13. Re1 Na5 14. Ne5 Bb5 15. Bc2 Nh5 {[%emt 0:07:41] [#] Strongly threatening ...Bxe2.} 16. Bc1 Nc4 17. Nf4 ({Much worse is} 17. Qd3 g6 18. Qd1 Nxe5 19. dxe5 Bc5 $11) 17... Nxf4 $1 {[%emt 0:07:28] Weighted Error Value: White=0.06 (flawless) /Black=0.10 (very precise)} 1/2-1/2

[Event "Fall GM-A Norm Invitational 2022"]
[Site "Charlotte"]
[Date "2022.11.20"]
[Round "6"]
[White "Mulyar, Michael"]
[Black "Siddharth, Jagadeesh"]
[Result "1/2-1/2"]
[ECO "D37"]
[WhiteElo "2355"]
[BlackElo "2407"]
[Annotator "TA"]
[PlyCount "45"]
[EventDate "2022.11.18"]
[EventType "tourn"]
[EventCountry "USA"]
[SourceTitle "playchess.com"]
[Source "ChessBase"]
[SourceQuality "1"]
[TimeControl "5400+30"]

1. d4 Nf6 2. Nf3 d5 3. c4 e6 4. Nc3 Be7 5. Bg5 h6 6. Bh4 dxc4 7. e3 {[%emt 0:00:21] D53: Queen's Gambit Declined: 4 Bg5 Be7: Early deviations.} c5 8. Bxc4 cxd4 9. Nxd4 {[%emt 0:01:14] The position is equal.} Bd7 10. O-O Nc6 {[%emt 0:00:06] [#]} 11. Qe2 $146 ({Predecessor:} 11. Nf3 Qb6 12. Qe2 O-O 13. Rfd1 Rfd8 14. h3 Be8 15. a3 Rxd1+ 16. Rxd1 Rd8 17. Rc1 {0-1 (63) Artemiev,V (2701)-Grischuk,A (2745) Chess.com INT 2022}) 11... Nxd4 12. exd4 O-O 13. Rad1 Bc6 14. d5 exd5 {[%emt 0:01:25] [#]} 15. Nxd5 $1 Bxd5 16. Bxf6 Bxf6 17. Rxd5 Qc7 18. b3 Rad8 19. Rfd1 Rxd5 20. Rxd5 Rd8 21. Rxd8+ Qxd8 22. g3 Qe7 23. Qxe7 {[%emt 0:00:05] An interesting draw.  Weighted Error Value: White=0.02 (flawless) /Black=0.02 (flawless)} 1/2-1/2

[Event "Fall GM-A Norm Invitational 2022"]
[Site "Charlotte"]
[Date "2022.11.21"]
[Round "8"]
[White "Preotu, Razvan"]
[Black "Mulyar, Michael"]
[Result "1/2-1/2"]
[ECO "C53"]
[WhiteElo "2493"]
[BlackElo "2355"]
[Annotator "TA"]
[PlyCount "116"]
[EventDate "2022.11.18"]
[EventType "tourn"]
[EventCountry "USA"]
[SourceTitle "playchess.com"]
[Source "ChessBase"]
[SourceQuality "1"]
[TimeControl "5400+30"]

1. e4 e5 2. Nf3 Nc6 3. Bc4 Bc5 4. c3 Nf6 5. d3 d6 6. O-O a6 7. a4 {[%emt 0:00:14] C54: Giuoco Piano: 4 c3 Nf6, main lines with 5 d4 and 5 d3.} Ba7 8. Re1 h6 9. Nbd2 {[%emt 0:00:05] White has an edge.} O-O 10. h3 Re8 11. b4 $1 {[%emt 0:00:06] 11.b4 is better than 11.Nf1.} Be6 12. Bxe6 Rxe6 13. Qc2 Qd7 14. Rb1 b5 15. Ra1 Rae8 {[%emt 0:00:09] [#]} 16. Nb3 $146 ({Predecessor:} 16. Nf1 d5 17. Bd2 Bb6 18. Ng3 Rd8 19. a5 Ba7 20. Rac1 dxe4 21. dxe4 Rd6 22. Be3 Bxe3 23. Rxe3 {1-0 (57) Ragger,M (2647)-Wagner,D (2584) Terme Catez 2022}) 16... Bb6 17. Bd2 Nh5 18. Nh4 Rf6 19. Be3 Nf4 {[%emt 0:01:18][%cal Of4h3] aiming for ...Nxh3+!} 20. Kh2 d5 21. a5 Bxe3 22. fxe3 Ne6 23. exd5 Qxd5 24. e4 Qd8 25. Nf5 Ne7 26. Ne3 Qd6 27. Ng4 Rg6 28. Rf1 Rf8 29. Ne3 {[%emt 0:04:06] [#]} (29. Rad1 $15) 29... c5 (29... Nd4 $1 $17 30. Qd1 Nxb3 31. Qxb3 Qxd3) 30. Nf5 $36 {[%emt 0:00:42][%mdl 2048] White has the initiative.} Qc7 ({Don't do} 30... Nxf5 31. exf5 e4+ 32. Kh1 exd3 33. Qd2 $16) 31. Nh4 Rg5 32. Nxc5 Nxc5 33. bxc5 Qxc5 34. Qb3 Nc8 (34... Qd6 $11) 35. Nf3 $16 Rg6 {[%emt 0:00:10][%cal Bg5g6,Bg6c6,Bc6c4,Bc4d4][%mdl 32] [#]} 36. d4 $1 exd4 37. cxd4 Qc7+ 38. Ne5 (38. e5 $16) 38... Rc6 $1 $11 39. Rf3 {[%emt 0:00:09] Prevents Rc3.} (39. Qg3 $11 Rc3 40. Rf3 Rxf3 41. gxf3) 39... Rc4 $1 $17 40. Qe3 {[%emt 0:07:15] Threatens to win with Rg3.} f6 41. Qf4 Rxd4 42. Rc1 $1 Qxe5 43. Qxe5 fxe5 44. Rxf8+ {[%emt 0:00:07][%mdl 64] Remove Defender} Kxf8 45. Rxc8+ $15 {[%emt 0:00:08][%mdl 4096] Endgame KR-KR} Ke7 {[%emt 0:00:05] ...Ra4 is the strong threat.} 46. Rc7+ $2 {[%emt 0:03:12] [#]} ({White has to play} 46. Rc6 $1 $15) 46... Rd7 $2 ({Black should try} 46... Kd6 $1 $19 47. Rxg7 Kc5) 47. Rc6 $11 Rd6 48. Rc7+ Rd7 49. Rc6 Rd6 50. Rc7+ Kf6 51. Rb7 (51. Kg3 $11) 51... g6 (51... Rd4 $17 52. Rb6+ Kg5 53. Rxa6 Ra4) 52. h4 h5 53. Kh3 Rd3+ 54. g3 Rd6 (54... Ke6 $5 55. Ra7 Rd6 $15) 55. Kg2 Ke6 56. Rg7 Kf6 57. Rb7 Ke6 {[%emt 0:01:11] White must now prevent ...Rc6.} 58. Rg7 Kf6 {[%emt 0:00:01] Weighted Error Value: White=0.20 (precise) /Black=0.21 (precise)} (58... b4 $5 ) 1/2-1/2

[Event "Fall GM-A Norm Invitational 2022"]
[Site "Charlotte"]
[Date "2022.11.21"]
[Round "8"]
[White "Mardov, Dimitar"]
[Black "Siddharth, Jagadeesh"]
[Result "0-1"]
[ECO "D37"]
[WhiteElo "2432"]
[BlackElo "2407"]
[Annotator "TA"]
[PlyCount "122"]
[EventDate "2022.11.18"]
[EventType "tourn"]
[EventCountry "USA"]
[SourceTitle "playchess.com"]
[Source "ChessBase"]
[SourceQuality "1"]
[TimeControl "5400+30"]

1. d4 Nf6 2. Nf3 d5 3. c4 e6 4. Nc3 Be7 5. Bg5 h6 6. Bh4 dxc4 7. e3 {[%emt 0:02:07] D53: Queen's Gambit Declined: 4 Bg5 Be7: Early deviations.} c5 8. Bxc4 cxd4 9. exd4 {[%emt 0:18:51] White is slightly better.} Nc6 10. O-O O-O 11. Re1 b6 12. Qd2 Bb7 {[%emt 0:04:29] [#]} (12... Na5 {keeps more tension.} 13. Bd3 Bb7 14. Ne5 Nd5) 13. Bf1 $146 ({Predecessor:} 13. Rad1 Rc8 14. Qe2 Na5 15. Bd3 Nh5 16. Bxe7 Qxe7 17. Bb1 Nf4 18. Qc2 {0-1 (53) Manin,V (2144)-Bajarani,U (2486) St Petersburg 2017}) 13... Nd5 14. Bxe7 Ncxe7 15. Ne5 Nf5 16. Bc4 Rc8 17. Bxd5 Bxd5 18. Rad1 Qg5 ({Black should try} 18... Qd6 $15) 19. Qxg5 hxg5 20. Rd2 Rfd8 21. f3 a6 (21... f6 $17 22. Ng4 Bb7) 22. Kf2 b5 23. a3 Bb3 24. Re4 Rc7 25. d5 Bxd5 ({But not} 25... exd5 $6 26. Rb4 Re8 27. Rxb3 $11) 26. a4 f6 27. Ng4 Rcd7 28. Nxd5 Rxd5 29. Rxd5 exd5 $17 {[%emt 0:00:02][%mdl 4096] Endgame KRN-KRN} ({Of course not} 29... Rxd5 $6 30. Rxe6 Rd2+ 31. Re2 Rxe2+ 32. Kxe2 $11) 30. Rb4 bxa4 31. Ne3 Ne7 32. Rxa4 Rb8 33. b4 Rb6 34. Ke2 Kf7 35. Kd3 Ke6 36. Nc2 Nc6 37. Nd4+ (37. Kc3 $15) 37... Nxd4 38. Kxd4 {[%emt 0:00:03] KR-KR} Kd6 39. h3 Rc6 40. Ra5 Rc4+ 41. Ke3 Rxb4 42. Rxa6+ Ke5 43. Ra2 f5 44. Ke2 f4 (44... Rb3 $17 {Threatens to win with ...g6.} 45. Kf2 g6) 45. Kd3 $1 $15 Rb3+ 46. Ke2 Re3+ 47. Kd2 $1 Rb3 48. Ke2 Kf5 {[%emt 0:00:59] Black is more active.} (48... Rb1 $15) 49. Rc2 (49. Ra7 $11) 49... d4 ({Better is} 49... Re3+ $17 50. Kf1 Re6) 50. Rc5+ $11 Kg6 {[%emt 0:00:01] [#] Strongly threatening ...d3+.} 51. Rc7 $2 {[%emt 0:00:47][%mdl 8192] This costs White the game.} (51. Rd5 $11) 51... Rb2+ 52. Kd3 Rxg2 53. Rc6+ Kh5 54. Kxd4 Re2 55. Rc7 Kh6 {[%emt 0:00:01] [#] ...Re3 is the strong threat.} 56. Rc6+ g6 57. Rc3 Re6 58. Ra3 Kh5 {[%emt 0:01:07] ( -> ...Kh4)} 59. Rb3 Kh4 {[%emt 0:00:12] Black mates.} 60. Ra3 Kxh3 61. Ra5 g4 {[%emt 0:00:21] Weighted Error Value: White=0.56/Black=0.25 (precise)} 0-1

[Event "Fall GM-A Norm Invitational 2022"]
[Site "Charlotte"]
[Date "2022.11.21"]
[Round "8"]
[White "Fus, Jakub"]
[Black "Stremavicius, Titas"]
[Result "0-1"]
[ECO "D35"]
[WhiteElo "2427"]
[BlackElo "2527"]
[Annotator "TA"]
[PlyCount "84"]
[EventDate "2022.11.18"]
[EventType "tourn"]
[EventCountry "USA"]
[SourceTitle "playchess.com"]
[Source "ChessBase"]
[SourceQuality "1"]
[TimeControl "5400+30"]

1. d4 d5 2. c4 e6 3. Nc3 Nf6 4. cxd5 exd5 5. Bg5 Be7 6. e3 O-O 7. Bd3 h6 8. Bh4 c6 9. Qc2 Nbd7 10. Nge2 Re8 11. O-O Nh5 12. Bxe7 {[%emt 0:00:11] D36: Queen's Gambit Declined: Exchange Variation: Main line (5 Bg5 c6 6 Qc2).} Qxe7 13. Rab1 a5 14. Na4 {[%emt 0:01:59] The position is equal.} Qd6 15. Rfc1 g6 16. a3 Ng7 17. Nf4 {[%emt 0:06:24] [#]} Ne6 $146 ({Predecessor:} 17... h5 18. h4 Ne6 19. Re1 b5 20. Nc3 Kg7 21. Nxe6+ Rxe6 22. Ne2 Nb6 23. Nf4 Rf6 {½-½ (40) Gonzaga Grego,L (2405)-Betker,J (2438) GER email 2017}) 18. Nxe6 Rxe6 19. h3 Kg7 20. Qd1 Re7 21. Rc3 Qb8 22. Qc2 Qa7 23. Nc5 Nxc5 24. dxc5 Qb8 25. Qd2 Qe5 26. Bf1 Bf5 27. Rd1 h5 28. Qd4 f6 29. Rcc1 g5 30. Be2 Rh8 31. Qxe5 fxe5 32. b4 axb4 33. axb4 g4 34. h4 Ra8 (34... d4 $5) 35. Ra1 {[%emt 0:00:05] Prevents Ra2.} Rxa1 36. Rxa1 $15 {[%emt 0:00:04][%mdl 4096] Endgame KRB-KRB} d4 37. Rd1 {[%emt 0:02:17] [#]} (37. Kh2 $15) 37... Rd7 $1 $17 {[%emt 0:03:27] Hoping for ...d3.} 38. Bc4 Kf6 {[%emt 0:02:50] White must now prevent ...Bc2.} 39. Kf1 $2 {[%emt 0:03:50][%mdl 8192] This move loses the game for White.} (39. Kh2 $17 {is tougher.}) 39... Bc2 $19 40. Rd2 d3 41. f3 $2 (41. b5 e4 42. bxc6 bxc6 43. Kg1) 41... g3 {[%emt 0:04:32][%cal Oe5e4] [#] And now ...e4! would win.} 42. b5 e4 {[%emt 0:00:30] Weighted Error Value: White=0.35/Black=0.03 (flawless)} 0-1

[Event "Fall GM-A Norm Invitational 2022"]
[Site "Charlotte"]
[Date "2022.11.21"]
[Round "8"]
[White "Kaliksteyn, Alexander"]
[Black "Cordova, Emilio"]
[Result "1/2-1/2"]
[ECO "A46"]
[WhiteElo "2389"]
[BlackElo "2561"]
[Annotator "TA"]
[PlyCount "31"]
[EventDate "2022.11.18"]
[EventType "tourn"]
[EventCountry "USA"]
[SourceTitle "playchess.com"]
[Source "ChessBase"]
[SourceQuality "1"]
[TimeControl "5400+30"]

1. d4 Nf6 2. Nf3 e6 3. Bf4 b6 4. e3 Bb7 5. Bd3 Be7 6. h3 c5 {[%emt 0:00:12] The position is equal.} 7. c3 {[%emt 0:00:22] A47: 1 d4 Nf6 2 Nf3 b6: Torre, London and Colle Systems.} O-O 8. O-O $1 {[%emt 0:00:08] 8.0-0 scores better than 8.Nbd2.} d6 9. Re1 {[%emt 0:01:09] [#] An uneventful encounter.  Weighted Error Value: White=0.02 (flawless) /Black=0.02 (flawless)} {Predecessor:} Nbd7 $146 10. e4 h6 11. Bh2 Rc8 12. a3 Nh7 13. d5 e5 14. a4 c4 15. Bf1 f5 16. exf5 {½-½ (48) Blohberger,F (2503)-Durarbayli,V (2615) Katowice 2021} 1/2-1/2

[Event "Fall GM-A Norm Invitational 2022"]
[Site "Charlotte"]
[Date "2022.11.22"]
[Round "9"]
[White "Cordova, Emilio"]
[Black "Fus, Jakub"]
[Result "1-0"]
[ECO "D02"]
[WhiteElo "2561"]
[BlackElo "2427"]
[Annotator "TA"]
[PlyCount "99"]
[EventDate "2022.11.18"]
[EventType "tourn"]
[EventCountry "USA"]
[SourceTitle "playchess.com"]
[Source "ChessBase"]
[SourceQuality "1"]
[TimeControl "5400+30"]

1. Nf3 d5 2. d4 Nf6 3. c4 e6 4. g3 Bb4+ 5. Bd2 Be7 6. Bg2 Nbd7 7. Qc2 c6 8. O-O O-O 9. Rc1 {[%emt 0:07:32] E11: Bogo-Indian.} b6 10. a4 {[%emt 0:12:39] Nowadays more popular than 10.cxd5.} Ba6 11. b3 {[%emt 0:00:57] The position is equal.} c5 12. Na3 $5 {[%emt 0:00:23][%mdl 4] An interesting side line.} Bb7 {[%emt 0:02:35] [#]} 13. e3 $146 ({Predecessor:} 13. a5 dxc4 14. Nxc4 b5 15. Ne3 Bxf3 16. Bxf3 cxd4 17. Nf1 Rc8 18. Qd3 Nc5 19. Qxb5 {1-0 (40) Adrian,C (2315)-Guido,F (2365) Agneaux 1999}) 13... dxc4 14. Nxc4 Rc8 15. Qd1 Rc7 16. h3 Qa8 17. a5 {[%emt 0:10:58] Threatens to win with axb6.} b5 18. a6 (18. Nb6 $1 $11 Qe8 19. Nxd7 Qxd7 20. a6) 18... Bd5 $15 19. Na3 Rb8 20. Qe2 b4 21. Nc4 Ne4 22. Be1 Rbc8 23. h4 Bf6 24. Ra5 (24. Ra2 $15) 24... cxd4 (24... Nb6 $17 25. Nxb6 axb6) 25. exd4 Nd6 26. Bxb4 Nxc4 27. bxc4 Rxc4 28. Rxc4 Rxc4 (28... Bxc4 $15 29. Qd1 Bd5) 29. Bd2 $1 $11 Rc2 (29... Bxd4 $2 30. Nxd4 Rxd4 31. Bc3 $18) (29... Qc6 $142) 30. Ne1 Rb2 $2 (30... Rc8 $14) 31. Bxd5 $18 exd5 32. Rb5 $1 Rxb5 33. Qxb5 Nb6 (33... Qd8 34. Ba5 (34. Qxd5 Nf8 $16) 34... Qc8 35. Qxd5 h6) 34. Ba5 Nc4 35. Nf3 $2 (35. Qb7 $1 $18 {[%cal Rb7a8] and the rest is easy.} Qe8 36. Bb4) 35... Nxa5 $16 36. Qxa5 {[%emt 0:00:07][%mdl 4096] Endgame KQB-KQN} Qc6 {[%emt 0:01:33][%mdl 8192] Prevents Qb5.} (36... Bd8 $16 37. Qb5 Bb6) 37. Qb4 $1 $18 {[%emt 0:01:03] Intending Qb8+ and mate.} Bd8 38. Qb8 Qb6 {[%emt 0:01:49] [#]} 39. Qa8 f6 40. Qxd5+ Kf8 41. Nd2 Be7 42. Qc4 Qb4 43. Qc8+ Kf7 44. Nf3 Qb5 45. Kg2 (45. Qb7 Qxb7 46. axb7 Bd6 $16) 45... Bd6 46. g4 (46. d5 $142 {Black must now prevent Qe6+.} Qe2 47. Qb7+ (47. Qd7+ Qe7 $18) 47... Qe7 48. Nd4 Qxb7 49. axb7) 46... h6 $2 {[%emt 0:01:39] [#]} (46... h5 {keeps fighting.} 47. gxh5 Qxh5) 47. h5 $1 Bf4 48. Qd8 {[%emt 0:03:57] Prevents Qd5. Strongly threatening d5.} Qxa6 $2 (48... f5 49. Qa8 Qxa6) 49. Qd7+ Kg8 50. Qe8+ {[%emt 0:00:07] Weighted Error Value: White=0.16 (very precise) /Black=0.33} 1-0

[Event "Fall GM-A Norm Invitational 2022"]
[Site "Charlotte"]
[Date "2022.11.22"]
[Round "9"]
[White "Siddharth, Jagadeesh"]
[Black "Kaliksteyn, Alexander"]
[Result "1-0"]
[ECO "D45"]
[WhiteElo "2407"]
[BlackElo "2389"]
[Annotator "TA"]
[PlyCount "39"]
[EventDate "2022.11.18"]
[EventType "tourn"]
[EventCountry "USA"]
[SourceTitle "playchess.com"]
[Source "ChessBase"]
[SourceQuality "1"]
[TimeControl "5400+30"]

1. d4 d5 2. c4 e6 3. Nf3 Nf6 4. Nc3 c6 5. e3 Nbd7 6. Qc2 Bd6 7. Bd3 O-O 8. O-O dxc4 9. Bxc4 b5 10. Be2 Bb7 11. e4 e5 12. dxe5 {[%emt 0:00:07] D46: Semi-Slav: 5 e3 Nbd7 6 Bd3, Black avoids the Meran.} Nxe5 13. Nd4 Neg4 14. Nf5 {[%emt 0:00:13] [#] Hoping for Bxg4. The position is equal.} Bxh2+ 15. Kh1 {[%emt 0:00:16] [#] And now f3 would win.} b4 $146 ({Predecessor:} 15... Bb8 16. Bg5 Bc8 17. Rad1 Qc7 18. Nd6 a6 19. g3 h6 20. Bxf6 Nxf6 21. e5 Nd5 22. Nxd5 cxd5 23. Qxc7 Bxc7 24. Nxc8 {½-½ (24) Mareco,S (2652)-Durarbayli,V (2628) Havana 2022}) 16. Bg5 {[%emt 0:00:11] Bxg4 is the strong threat.} Qc7 (16... bxc3 $11 17. Bxg4 Be5 18. bxc3 Qa5) 17. f4 h6 $2 (17... bxc3 $14 18. Qxc3 h6 19. Bxf6 Nxf6 20. Kxh2 Bc8) 18. Bxf6 $18 {[%emt 0:01:40] White is clearly winning.} Nxf6 19. Nb5 {[%emt 0:03:30][%mdl 64] [#] Pin. Pair of Knights!} ({Less strong is} 19. Kxh2 bxc3 20. Qxc3 Bc8 $14) 19... Qb8 20. Nbd6 {[%emt 0:00:47] Weighted Error Value: White=0.10 (very precise) /Black=0.86} ({Stronger than} 20. Kxh2 cxb5 21. e5 Be4 22. Ne7+ Kh8 $11) 1-0